 Dungeon Crawl Stone Soup version 0.26-a0-376-g13fbb91ece (webtiles) character file.

Game seed: 3120380168725155139

9937 Gargoyl the Fighter (level 11, -21/89 HPs)
             Began as a Gnoll Abyssal Knight on July 20, 2020.
             Was a Priest of Lugonu.
             Killed from afar by a fire giant (24 damage)
             ... with a bolt of fire
             ... on level 11 of the Dungeon.
             The game lasted 00:15:11 (11518 turns).

Gargoyl the Fighter (Gnoll Abyssal Knight)         Turns: 11518, Time: 00:15:12

Health: -21/89     AC: 21    Str: 20    XL:     11   Next: 54%
Magic:  20/20      EV: 12    Int: 14    God:    Lugonu [***...]
Gold:   348        SH:  9    Dex: 21    Spells: 22/22 levels left

rFire    . . .     SeeInvis .   F - +4 war axe (freeze)
rCold    + . .     Faith    .   t - +3 buckler
rNeg     . . .     Spirit   .   m - +2 chain mail {rC+}
rPois    .         Reflect  .   (helmet restricted)
rElec    .         Harm     .   E - +1 cloak
rCorr    +                      H - +2 pair of gloves "Keovvos" {+Blink rCorr}
MR       .....                  u - +2 pair of boots
Stlth    +.........             (no amulet)
HPRegen  0.24/turn              C - +6 ring of dexterity
MPRegen  0.17/turn              o - +4 ring of slaying

@: lethally poisoned (-21 -> -29)
A: distributed training, antennae 1, fangs 1, blurry vision 1, strong 1, strong
nose
a: Depart the Abyss, Bend Space, Banish, Renounce Religion, Evoke Blink


You were on level 11 of the Dungeon.
You worshipped Lugonu.
Lugonu was most pleased with you.
You visited 1 branch of the dungeon, and saw 11 of its levels.
You visited the Abyss 2 times.
You also visited: Sewer.

You collected 853 gold pieces.
You spent 505 gold pieces at shops.

Inventory:

Hand Weapons
 a - a +1 hand axe of flaming
 b - a +0 broad axe
 k - a +3 hand axe of freezing
 F - a +4 war axe of freezing (weapon)
 I - a +0 double sword of protection
Armour
 m - a +2 chain mail of cold resistance (worn)
 t - a +3 buckler (worn)
 u - a +2 pair of boots (worn)
 E - a +1 cloak (worn)
 H - the +2 pair of gloves "Keovvos" (worn) {+Blink rCorr}
   (You found it on level 8 of the Dungeon)

   It lets you blink.
   It provides partial protection from all sources of acid and corrosion.
Jewellery
 o - a +4 ring of slaying (right hand)
 y - an uncursed ring of protection from fire
 C - a +6 ring of dexterity (left hand)
Wands
 c - a wand of iceblast (8)
 n - a wand of digging (4)
 q - a wand of random effects (29)
Scrolls
 d - a scroll of identify
 e - 4 scrolls of teleportation
 f - 6 scrolls of fear
 B - a scroll of magic mapping
 D - 2 scrolls of remove curse
 G - a scroll of enchant armour
Potions
 g - 9 potions of haste
 h - 4 potions of curing
 i - 2 potions of invisibility
 j - 2 potions of stabbing
 l - a potion of might
 p - 2 potions of berserk rage
 r - 5 potions of heal wounds
 s - 3 potions of mutation
 v - 5 potions of flight {unknown}
 w - 4 potions of brilliance {unknown}
 x - a potion of cancellation {unknown}
 z - 2 potions of lignification {unknown}
 A - a potion of magic {unknown}


   Skills:
 + Level 9.1 Fighting
 + Level 6.2 Short Blades
 + Level 6.2 Long Blades
 + Level 7.8 Axes
 + Level 6.2 Maces & Flails
 + Level 6.2 Polearms
 + Level 6.2 Staves
 + Level 6.2 Slings
 + Level 6.2 Bows
 + Level 6.2 Crossbows
 + Level 6.2 Throwing
 + Level 7.8 Armour
 + Level 6.8 Dodging
 + Level 6.2 Stealth
 + Level 6.2 Shields
 + Level 6.2 Unarmed Combat
 + Level 6.2 Spellcasting
 + Level 5.2 Conjurations
 + Level 5.2 Hexes
   Level 0.0 Charms
 + Level 5.2 Summonings
 + Level 5.2 Necromancy
 + Level 5.2 Translocations
 + Level 5.2 Transmutations
 + Level 5.2 Fire Magic
 + Level 5.2 Ice Magic
 + Level 5.2 Air Magic
 + Level 5.2 Earth Magic
 + Level 5.2 Poison Magic
 + Level 8.3 Invocations
 + Level 6.2 Evocations


You had 22 spell levels left.
You didn't know any spells.
Your spell library contained the following spells:

 Spells                   Type           Power        Failure   Level
 Animate Skeleton         Necr           ###...       14%         1
 Corona                   Hex            ###....      14%         1
 Foxfire                  Conj/Fire      ###.         14%         1
 Pain                     Necr           ###.         14%         1
 Slow                     Hex            ###.....     22%         2
 Conjure Flame            Conj/Fire      ###.....     41%         3
 Inner Flame              Hex/Fire       ###.....     41%         3
 Portal Projectile        Hex/Tloc       ###...       41%         3
 Vampiric Draining        Necr           ###.......   41%         3
 Animate Dead             Necr           ###.......   82%         4
 Cause Fear               Hex            ###.......   82%         4
 Leda's Liquefaction      Hex/Erth       ###.......   82%         4
 Sticky Flame             Conj/Fire      ###.....     82%         4
 Agony                    Necr           ###.....     99%         5
 Fireball                 Conj/Fire      ###.......   99%         5


Dungeon Overview and Level Annotations

Branches:
Dungeon (11/15)            Temple (0/1) D:4             Orc (0/2) D:9
  Sewer (visited)
   Lair: D:8-11

Altars:
Ashenzari
Gozag
Hepliaklqana
Makhleb
Nemelex Xobeh
Okawaru
Qazlal
Ru
Wu Jian
Zin

Shops:
D:4 *   D:6 [   D:7 [   D:8 *   D:10 *(


Innate Abilities, Weirdness & Mutations

Your experience applies equally to all skills.
You have very sharp teeth.
Your uncanny sense of smell can sniff out nearby items.
You have a pair of small antennae on your head.
Scrolls take you a little longer to read.
Your muscles are strong. (Str +2)


Message History

Okay, then.
Really read with blurry vision while enemies are nearby?
Okay, then.
You feel sick. The fire giant completely misses you.
The war gargoyle hits you with a +2 dire flail of venom.
You are more poisoned.
Unknown command.
You feel sick. You block the war gargoyle's attack.
You feel sick. The fire giant casts a spell at you.
The fireball explodes!
The fireball engulfs you!!
* * * LOW HITPOINT WARNING * * *
You feel sick.
You feel sick.
The war gargoyle launches metal splinters at you.
The spray of metal splinters hits you!
* * * LOW HITPOINT WARNING * * *
The fire giant points at you and mumbles some strange words.
The bolt of fire hits you!!
You die...

...##.#.##....##
....#(..#......##
#############...##
#...#∆∆∆#...##...#
...## ##...##..##
..... .....#...#
..## ####...#...#
..# ......#...# ##
∆ ....##.@## ∆
#..##...# ∆∆.
####C9.##
∆....#.T.WC## .##
|.........## ..#
##..?...###
..############
###..#
...#.....#...
.....# ......#
....#
#....#########..


You could see a fire giant, a stone giant, a war gargoyle (catching breath), a
phantasmal warrior and a troll.

Vanquished Creatures
  2 hydras (D:11)
  An unseen horror (D:10)
  An orc knight (D:11)
  Pikel (D:4)
  A manticore (D:8)
  A cyclops (D:8)
  A gargoyle (D:9)
  2 trolls
  Prince Ribbit (D:5)
  2 hippogriffs
  Sigmund (D:3)
  Eustachio (D:6)
  Grum (D:8)
  Menkaure (D:6)
  A water moccasin (D:9)
  A soldier ant (D:11)
  3 orc warriors
  5 ogres
  2 sky beasts
  An ice beast (D:9)
  2 wolves (D:8)
  4 centaurs
  2 lemures (D:4)
  3 crocodiles
  3 bullfrogs
  A gnoll sergeant (D:8)
  3 scorpions
  4 killer bees (D:8)
  9 wights
  3 bullfrog zombies
  A centaur zombie (D:9)
  3 centaur skeletons
  A bullfrog skeleton (D:4)
  2 orc priests
  5 hounds
  7 orc wizards
  2 iguanas
  Terence (D:2)
  6 worker ants
  2 hound zombies
  13 gnolls
  17 adders
  3 river rats (Sewer)
  A white imp (D:8)
  5 oozes
  2 adder skeletons
  An adder zombie (D:5)
  4 worms
  3 dart slugs
  12 leopard geckos
  32 orcs
  4 ball pythons (Sewer)
  6 bats
  8 giant cockroaches
  10 goblins
  7 hobgoblins
  10 kobolds
  5 quokkas
  9 frilled lizards
  A giant cockroach zombie (D:5)
  2 leopard gecko skeletons
  3 quokka skeletons
  A quokka zombie (D:9)
  10 rats
263 creatures vanquished.

Vanquished Creatures (others)
  4 starspawn tentacles (Abyss:1)
4 creatures vanquished.

Grand Total: 267 creatures vanquished

Notes
Turn   | Place    | Note
-------+----------+-------------------------------------------
     0 | Abyss:1  | Gargoyl the Gnoll Abyssal Knight began the quest for the
                  | Orb.
     0 | Abyss:1  | Reached XP level 1. HP: 23/23 MP: 3/3
    15 | Abyss:1  | Found a corrupted altar of Lugonu.
    39 | Abyss:1  | Noticed a hell hound
    64 | Abyss:2  | Noticed a basilisk
   120 | Abyss:3  | Noticed a hellion
   122 | Abyss:3  | HP: 1/23 [hellion/damnation (22)]
   123 | D:1      | Escaped the Abyss
   563 | D:1      | Reached XP level 2. HP: 25/29 MP: 5/5
   788 | D:1      | Reached XP level 3. HP: 5/35 MP: 6/6
   790 | D:1      | Reached * piety under Lugonu
  1607 | D:2      | Noticed Terence
  1612 | D:2      | Reached skill level 1 in Short Blades
  1612 | D:2      | Reached skill level 1 in Long Blades
  1612 | D:2      | Reached skill level 1 in Maces & Flails
  1612 | D:2      | Reached skill level 1 in Polearms
  1612 | D:2      | Reached skill level 1 in Staves
  1612 | D:2      | Reached skill level 1 in Slings
  1612 | D:2      | Reached skill level 1 in Bows
  1612 | D:2      | Reached skill level 1 in Crossbows
  1612 | D:2      | Reached skill level 1 in Throwing
  1612 | D:2      | Reached skill level 1 in Stealth
  1612 | D:2      | Reached skill level 1 in Shields
  1612 | D:2      | Reached skill level 1 in Unarmed Combat
  1612 | D:2      | Reached skill level 1 in Spellcasting
  1612 | D:2      | Reached skill level 1 in Evocations
  1612 | D:2      | Reached XP level 4. HP: 28/41 MP: 7/7
  1624 | D:2      | Killed Terence
  1931 | D:2      | Reached skill level 1 in Conjurations
  1931 | D:2      | Reached skill level 1 in Hexes
  1931 | D:2      | Reached skill level 1 in Summonings
  1931 | D:2      | Reached skill level 1 in Necromancy
  1931 | D:2      | Reached skill level 1 in Translocations
  1931 | D:2      | Reached skill level 1 in Transmutations
  1931 | D:2      | Reached skill level 1 in Fire Magic
  1931 | D:2      | Reached skill level 1 in Ice Magic
  1931 | D:2      | Reached skill level 1 in Air Magic
  1931 | D:2      | Reached skill level 1 in Earth Magic
  1931 | D:2      | Reached skill level 1 in Poison Magic
  2076 | D:2      | Found a sacrificial altar of Ru.
  2136 | D:2      | Reached XP level 5. HP: 47/47 MP: 8/8
  2148 | D:2      | Gained mutation: Your muscles are strong. (Str +2) [potion
                  | of mutation]
  2148 | D:2      | Gained mutation: Scrolls take you a little longer to read.
                  | [potion of mutation]
  2148 | D:2      | Gained mutation: You have a pair of small antennae on your
                  | head. [potion of mutation]
  2666 | D:3      | Reached ** piety under Lugonu
  2775 | D:3      | Noticed Sigmund
  2797 | D:3      | Killed Sigmund
  2797 | D:3      | Reached skill level 5 in Axes
  2797 | D:3      | Reached skill level 5 in Armour
  2797 | D:3      | Reached skill level 5 in Invocations
  2797 | D:3      | Reached XP level 6. HP: 26/53 MP: 9/9
  3098 | D:3      | Found a hazy altar of Hepliaklqana.
  3700 | D:4      | Noticed a sky beast
  3712 | D:4      | Killed a sky beast
  3712 | D:4      | Reached XP level 7. HP: 8/59 MP: 10/10
  4067 | D:4      | Noticed a troll
  4075 | D:4      | Killed a troll
  4075 | D:4      | Reached skill level 7 in Fighting
  4208 | D:4      | Noticed Pikel
  4229 | D:4      | Killed Pikel
  4229 | D:4      | Reached XP level 8. HP: 43/67 MP: 12/12
  4390 | D:4      | Found Dajy's Assorted Antiques.
  4402 | D:4      | Bought a pair of embroidered gloves for 187 gold pieces
  4402 | D:4      | Bought a potion of curing for 75 gold pieces
  4571 | D:4      | Found a staircase to the Ecumenical Temple.
  4682 | D:4      | Reached *** piety under Lugonu
  4817 | D:5      | Entered Level 5 of the Dungeon
  4858 | D:5      | Found a stormy altar of Qazlal.
  4891 | D:5      | Found a shattered altar of Ashenzari.
  5062 | D:5      | Noticed Prince Ribbit
  5083 | D:5      | Killed Prince Ribbit
  5217 | D:5      | Found a sparkling altar of Nemelex Xobeh.
  5239 | D:5      | Reached XP level 9. HP: 72/72 MP: 14/14
  5261 | D:5      | Found a glowing silver altar of Zin.
  5261 | D:5      | Found an iron altar of Okawaru.
  5542 | D:6      | Noticed Eustachio
  5562 | D:6      | Found an opulent altar of Gozag.
  5575 | D:6      | Found a glowing drain.
  5598 | Sewer    | Entered a sewer
  6099 | D:6      | Killed Eustachio
  6413 | D:6      | Found an ornate altar of the Wu Jian Council.
  6432 | D:6      | Reached **** piety under Lugonu
  6436 | D:6      | Reached skill level 5 in Dodging
  6493 | D:6      | Noticed Menkaure
  6501 | D:6      | Killed Menkaure
  6664 | D:6      | Found Zurug's Armour Shoppe.
  6672 | D:6      | Bought a +0 cloak for 63 gold pieces
  6961 | D:7      | Found a burning altar of Makhleb.
  7040 | D:7      | Reached skill level 8 in Fighting
  7044 | D:7      | Found Livvet's Antique Armour Shop.
  7047 | D:7      | Bought a glowing chain mail for 180 gold pieces
  7880 | D:8      | Found Pemmi's Assorted Antiques.
  8040 | D:8      | Reached XP level 10. HP: 80/80 MP: 17/17
  8063 | D:8      | Noticed a cyclops
  8066 | D:8      | Noticed a manticore
  8103 | D:8      | Found the +9 staff of Wucad Mu {channel}
  8581 | D:8      | Killed a manticore
  8581 | D:8      | Reached skill level 5 in Short Blades
  8581 | D:8      | Reached skill level 5 in Long Blades
  8581 | D:8      | Reached skill level 5 in Maces & Flails
  8581 | D:8      | Reached skill level 5 in Polearms
  8581 | D:8      | Reached skill level 5 in Staves
  8581 | D:8      | Reached skill level 5 in Slings
  8581 | D:8      | Reached skill level 5 in Bows
  8581 | D:8      | Reached skill level 5 in Crossbows
  8581 | D:8      | Reached skill level 5 in Throwing
  8581 | D:8      | Reached skill level 5 in Stealth
  8581 | D:8      | Reached skill level 5 in Shields
  8581 | D:8      | Reached skill level 5 in Unarmed Combat
  8581 | D:8      | Reached skill level 5 in Spellcasting
  8581 | D:8      | Reached skill level 5 in Evocations
  8597 | D:8      | Killed a cyclops
  8940 | D:8      | Noticed Grum
  8945 | D:8      | Got a faintly humming scale mail
  8956 | D:8      | Got a pair of crude gloves
  8968 | D:8      | Identified the +2 pair of gloves "Keovvos" {+Blink rCorr}
                  | (You found it on level 8 of the Dungeon)
  8979 | D:8      | Identified the cursed +1 scale mail of Omission {Str+3}
                  | (You found it on level 8 of the Dungeon)
  9023 | D:8      | Killed Grum
  9642 | D:9      | Noticed a gargoyle
  9655 | D:9      | Killed a gargoyle
  9758 | D:9      | Found a staircase to the Orcish Mines.
 10089 | D:9      | Reached ***** piety under Lugonu
 10089 | D:9      | Reached XP level 11. HP: 87/87 MP: 19/19
 10117 | D:10     | Entered Level 10 of the Dungeon
 10147 | D:10     | Found Voppi's Antique Weapon Shop.
 10168 | D:10     | Killed an unseen horror
 10375 | D:10     | Found Fuloatha's Assorted Antiques.
 10594 | D:10     | Reached skill level 9 in Fighting
 10876 | D:11     | Noticed a six-headed hydra
 10876 | D:11     | Noticed a four-headed hydra
 10887 | D:11     | Killed a one-headed hydra
 10887 | D:11     | Reached skill level 5 in Conjurations
 10887 | D:11     | Reached skill level 5 in Hexes
 10887 | D:11     | Reached skill level 5 in Summonings
 10887 | D:11     | Reached skill level 5 in Necromancy
 10887 | D:11     | Reached skill level 5 in Translocations
 10887 | D:11     | Reached skill level 5 in Transmutations
 10887 | D:11     | Reached skill level 5 in Fire Magic
 10887 | D:11     | Reached skill level 5 in Ice Magic
 10887 | D:11     | Reached skill level 5 in Air Magic
 10887 | D:11     | Reached skill level 5 in Earth Magic
 10887 | D:11     | Reached skill level 5 in Poison Magic
 10888 | D:11     | Killed a one-headed hydra
 11184 | D:11     | Noticed an orc knight
 11199 | D:11     | Killed an orc knight
 11386 | D:11     | Noticed a phantasmal warrior
 11387 | D:11     | Noticed a stone giant
 11390 | D:11     | Noticed a war gargoyle
 11390 | D:11     | Noticed a fire giant
 11400 | Abyss:1  | Noticed a thrashing horror
 11414 | Abyss:1  | Noticed a tentacled starspawn
 11513 | D:11     | Escaped the Abyss
 11518 | D:11     | HP: 3/89 [war gargoyle/spray of metal splinters (7)]
 11518 | D:11     | Killed from afar by a fire giant

Illustrated notes

Levels and vault maps discovered:
D:1:      mainiacjoe_arrival_reflecting_pool, layout_loops_ring
D:2:      layout_loops_corners, nicolae_ru_awakened_eye, uniq_terence
D:3:      layout_basic, old_standard_altar, uniq_sigmund
D:4:      layout_gridville, minmay_temple_entry_statues, serial_shops,
          nicolae_shop_waterfront, uniq_pikel
D:5:      minmay_clustersquares, layout_rooms, marbit_many_paths,
          lemuel_round_altar, grunt_qazlal_sundering,
          gammafunk_temple_overflow_wave, uniq_prince_ribbit1
D:6:      layout_basic, kennysheep_mini, gup_sewer_entry_pipe, serial_shops,
          shop, nicolae_gozag_seed_capital, uniq_menkaure, uniq_eustachio
D:7:      layout_loops_corners, lemuel_crystal_altar, serial_shops,
          nicolae_shop_behind_doors, grunt_ministairs_9
D:8:      layout_loops_ring, serial_shops, shop_coins, minmay_diamond_spiral,
          uniq_grum
D:9:      layout_cave_pods, orc_0_dummy
D:10:     layout_loops_ring, serial_shops, shop_fountains, shop
D:11:     minmay_tile_spiral, layout_irregular_city, minmay_lair_entry_grove

Skill      XL: |  1  2  3  4  5  6  7  8  9 10 11 |
---------------+----------------------------------+-----
Short Blades   | 1 2 3 4 5 6 |  6.2
Long Blades    | 1 2 3 4 5 6 |  6.2
Maces & Flails | 1 2 3 4 5 6 |  6.2
Polearms       | 1 2 3 4 5 6 |  6.2
Staves         | 1 2 3 4 5 6 |  6.2
Slings         | 1 2 3 4 5 6 |  6.2
Bows           | 1 2 3 4 5 6 |  6.2
Crossbows      | 1 2 3 4 5 6 |  6.2
Throwing       | 1 2 3 4 5 6 |  6.2
Stealth        | 1 2 3 4 5 6 |  6.2
Shields        | 1 2 3 4 5 6 |  6.2
Unarmed Combat | 1 2 3 4 5 6 |  6.2
Spellcasting   | 1 2 3 4 5 6 |  6.2
Evocations     | 1 2 3 4 5 6 |  6.2
Conjurations   | 1 2 3 4 5 |  5.2
Hexes          | 1 2 3 4 5 |  5.2
Summonings     | 1 2 3 4 5 |  5.2
Necromancy     | 1 2 3 4 5 |  5.2
Translocations | 1 2 3 4 5 |  5.2
Transmutations | 1 2 3 4 5 |  5.2
Fire Magic     | 1 2 3 4 5 |  5.2
Ice Magic      | 1 2 3 4 5 |  5.2
Air Magic      | 1 2 3 4 5 |  5.2
Earth Magic    | 1 2 3 4 5 |  5.2
Poison Magic   | 1 2 3 4 5 |  5.2
Dodging        | 3 4 5 6 |  6.8
Axes           | 5 6 7 |  7.8
Armour         | 5 6 7 |  7.8
Invocations    | 5 6 7 8 |  8.3
Fighting       | 7 8 9 |  9.1

Action                   |  1- 3 |  4- 6 |  7- 9 | 10-12 || total
-------------------------+-------+-------+-------+-------++-------
Melee: Hand axe          |    68 |   150 |   303 |   200 ||   721
       Bite              |     9 |    20 |    38 |    47 ||   114
       Punch             |     1 |     2 |       |       ||     3
       War axe           |       |       |       |    56 ||    56
Invok: Depart the Abyss  |     1 |       |       |     1 ||     2
       Bend Space        |       |       |       |     2 ||     2
       Banish            |       |       |       |     2 ||     2
       Enter the Abyss   |       |       |       |     1 ||     1
  Use: Scroll            |     2 |     4 |    15 |     8 ||    29
       Potion            |       |     1 |       |     1 ||     2
Armor: Leather armour    |    13 |       |       |       ||    13
       Scale mail        |    12 |     4 |       |       ||    16
       Plate armour      |       |    85 |   145 |       ||   230
       Chain mail        |       |     3 |    24 |   111 ||   138
Dodge: Dodged            |    60 |    59 |   106 |   128 ||   353
Block: Buckler           |       |     5 |   133 |   120 ||   258

Table legend: (Time is in decaauts)
 A = Elapsed time spent in this place.
 B = Non-inter-level travel time spent in this place.
 C = Inter-level travel time spent in this place.
 D = Time resting spent in this place.
 E = Time spent auto-exploring this place.
 F = Levels seen in this place.
 G = Mean time per level.
                   A        B        C        D        E       F      G
               +--------+--------+--------+--------+--------+-----+--------+
         Total |  11583 |  11233 |    350 |   2722 |   6125 |  16 |  723.9 |
       Dungeon |  10804 |  10454 |    350 |   2550 |   5766 |  11 |  982.2 |
         Abyss |    244 |    244 |      0 |     93 |     82 |   4 |   61.0 |
         Sewer |    535 |    535 |      0 |     79 |    276 |   1 |  535.0 |
               +--------+--------+--------+--------+--------+-----+--------+
